 Dungeon Crawl Stone Soup version 0.29.1-12-g30fa7ad0bf (webtiles) character file.

Game seed: 645725569075963044

4 hawla the Firebug (level 1, -2/14 HPs)
             Began as a Meteoran Fire Elementalist on Jan 13, 2023.
             Slain by an adder (4 damage)
             ... on level 2 of the Dungeon.
             The game lasted 00:00:24 (22 turns).

hawla the Firebug (Meteoran Fire Elementalist)        Turns: 22, Time: 00:00:25

Health: -2/14      AC:  2    Str:  9    XL:     1   Next: 85%
Magic:  5/5        EV: 12    Int: 16    God:
Gold:   0          SH:  0    Dex: 14    Spells: 4/5 levels left

rFire   . . .      SeeInvis .   (no weapon)
rCold   . . .      Faith    .   (no shield)
rNeg    . . .      Spirit   .   a - +0 robe
rPois   .          Reflect  .   (no helmet)
rElec   .          Harm     .   (no cloak)
rCorr   .          Rampage  .   (no gloves)
Will    .....                   (no boots)
Stlth   +.........              (no amulet)
HPRegen 0.04/turn               (no ring)
MPRegen 0.09/turn               (no ring)

@: glowing
A: sense surroundings 1, otherworldly, glowing, explore regen
a: no special abilities


You were on level 2 of the Dungeon.
You visited 1 branch of the dungeon, and saw 2 of its levels.

Inventory:

Armour
 a - a +0 robe (worn)


   Skills:
 + Level 2.4 Dodging
 + Level 1.4 Stealth
 + Level 2.9 Spellcasting
 + Level 1.2 Conjurations
 + Level 3.7 Fire Magic


You had 4 spell levels left.
You knew the following spells:

 Your Spells              Type           Power      Damage    Failure   Level
a - Foxfire               Conj/Fire      40%        2x1d6     7%          1

Your spell library contained the following spells:

 Spells                   Type           Power      Damage    Failure   Level
 Scorch                   Fire           28%        2d6       6%          2
 Conjure Flame            Conj/Fire      10%        6-21      21%         3
 Inner Flame              Hex/Fire       8%         N/A       26%         3
 Flame Wave               Conj/Fire      10%        2d6       56%         4


Dungeon Overview and Level Annotations

Branches:
Dungeon (2/15) Zot: 1177

Altars:


Innate Abilities, Weirdness & Mutations

You passively map a small area around you.
You are easily found by Zot.
You glow in the dark.
You regain HP and MP as you explore.


Message History

You conjure some foxfire!
The goblin barely misses you. The endoplasm freezes you.
You are frozen.
You are too injured to fight recklessly!
You closely miss the goblin.
The goblin is heavily wounded.
The foxfire hits the goblin.
You kill the goblin!
The foxfire hits the endoplasm.
You kill the endoplasm!
You see here a +0 dagger.
A kobold, a giant cockroach, an adder and a hobgoblin come into view.
Found a leather armour.
The kobold shouts!
The adder hisses angrily.
The hobgoblin shouts!
Your magical contamination has completely faded away.
The giant cockroach attacks as you move away!
The giant cockroach barely misses you. x2
Casting: Foxfire (safe; 7% risk of failure)
Confirm with . or Enter, or press ? or * to list all spells.
You conjure some foxfire!
The foxfire hits the adder.
The adder is moderately wounded.
The giant cockroach misses you.
The foxfire hits the giant cockroach but does no damage.
The giant cockroach bites you.
Casting: Foxfire (safe; 7% risk of failure)
Confirm with . or Enter, or press ? or * to list all spells.
You conjure some foxfire!
The adder bites you.
* * * LOW HITPOINT WARNING * * *
The giant cockroach closely misses you.
You closely miss the adder.
The adder is moderately wounded.
The foxfire hits the adder.
The adder is heavily wounded.
The foxfire hits the hobgoblin.
The hobgoblin is severely wounded.
The adder bites you but does no damage. The giant cockroach barely misses you.
The hobgoblin hits you.
* * * LOW HITPOINT WARNING * * *
Magic courses through your body. The adder bites you.
You die...

##### ##...###*
##...... ,## *
**###...ยง##* ..##
..##....).@##
[...#
........#gSB#...#
.###....##K.(..#
#.....###).?##
#.......# ..?..# *
...#....#...#...#
.#..###....###....
##. ,.#..# * #...#
* # .##., , ...#


You could see an adder, a giant cockroach, a hobgoblin and a kobold.

Vanquished Creatures
  2 endoplasms (D:2)
  A goblin (D:2)
3 creatures vanquished.

Vanquished Creatures (others)
  9 foxfires (D:2)
9 creatures vanquished.

Grand Total: 12 creatures vanquished

Notes
Turn   | Place    | Note
-------+----------+-------------------------------------------
     0 | D:1      | hawla the Meteoran Fire Elementalist began the quest for
                  | the Orb.
     0 | D:1      | Reached XP level 1. HP: 14/14 MP: 5/5
    22 | D:2      | Slain by an adder

Illustrated notes

Levels and vault maps discovered:
D:1:      dpeg_arrival_tiny_j, layout_basic,
          shapermc_ecumenical_altar_mp_vishouse
D:2:      layout_rooms, minmay_circle_x

Action                   || total
-------------------------++-------
Melee: Unarmed           ||     5
 Cast: Foxfire           ||     5
  Use: Potion            ||     1
Armor: Robe              ||     4
Dodge: Dodged            ||     6
